 Dungeon Crawl Stone Soup version 0.28-a0-589-g333b8329f1 (webtiles) character file.

Game seed: 5183120865738087761

16892 kipponium the Basher (level 12, 0/95 HPs)
             Began as a Formicid Fighter on Oct 3, 2021.
             Was an Initiate of Uskayaw.
             Slain by an eight-headed hydra (8 damage)
             ... on level 12 of the Dungeon.
             The game lasted 00:48:58 (12924 turns).

kipponium the Basher (Formicid Fighter)            Turns: 12924, Time: 00:48:59

Health: 0/95       AC: 13    Str: 26    XL:     12   Next: 75%
Magic:  6/18       EV: 10    Int:  8    God:    Uskayaw [......]
Gold:   500        SH:  5    Dex: 10    Spells: 11/11 levels left

rFire   . . .      SeeInvis +   D - +2 flail (drain)
rCold   + . .      Faith    .   c - +0 buckler
rNeg    . . .      Spirit   .   K - +2 scale mail {rC+}
rPois   .          Reflect  .   (helmet unavailable)
rElec   .          Harm     .   A - +0 cloak {Will+}
rCorr   .          Rampage  .   (no gloves)
Will    ++...                   b - +0 pair of boots
Stlth   ..........              B - amulet of regeneration
HPRegen 1.25/turn               (no ring)
MPRegen 0.16/turn               (no ring)

@: no status effects
A: permanent stasis, dig shafts and tunnels, antennae 3, four strong arms
a: Dig, Shaft Self, Renounce Religion


You were on level 12 of the Dungeon.
You worshipped Uskayaw.
Uskayaw was aware of your devotion.
You visited 3 branches of the dungeon, and saw 14 of its levels.

You collected 615 gold pieces.
You spent 115 gold pieces at shops.

Inventory:

Hand Weapons
 g - a +2 whip of freezing
 l - a +0 hand crossbow
 D - a +2 flail of draining (weapon)
Missiles
 h - 110 bolts
 p - 30 poisoned darts (quivered)
 J - 4 throwing nets
Armour
 b - a +0 pair of boots (worn)
 c - a +0 buckler (worn)
 i - a +3 ring mail
 A - a +0 cloak of willpower (worn)
 K - a +2 scale mail of cold resistance (worn)
 M - +0 acid dragon scales
Jewellery
 B - an amulet of regeneration (around neck)
Wands
 a - a wand of iceblast (5)
 f - a wand of flame (10)
 k - a wand of polymorph (8)
 o - a wand of charming (2)
 H - a wand of acid (9)
 I - a wand of paralysis (12)
Scrolls
 e - 2 scrolls of enchant armour {unknown}
 j - a scroll of summoning {unknown}
 n - 4 scrolls of fog
 r - 2 scrolls of immolation {unknown}
 s - 2 scrolls of fear {unknown}
 t - a scroll of enchant weapon {unknown}
 u - a scroll of holy word {unknown}
 v - 2 scrolls of magic mapping
 w - 2 scrolls of amnesia {unknown}
 x - 4 scrolls of silence
 L - a scroll of blinking {unknown}
Potions
 d - 3 potions of curing
 m - 3 potions of attraction
 q - 2 potions of ambrosia
 z - 3 potions of magic
 F - a potion of brilliance
Miscellaneous
 E - a phial of floods


   Skills:
 + Level 9.2 Fighting
 + Level 13.7(13.9) Maces & Flails
 - Level 3.0(9.4) Staves
 - Level 0.2 Throwing
 + Level 9.5 Armour
 + Level 6.9 Shields
 - Level 0.2 Transmutations
 - Level 0.1 Fire Magic
 - Level 0.1 Air Magic
 - Level 0.4 Poison Magic
 * Level 8.9 Invocations


You had 11 spell levels left.
You didn't know any spells.
Your spell library contained the following spells:

 Spells                   Type           Power      Damage    Failure   Level
 Animate Skeleton         Necr           0%         N/A       65%         1
 Magic Dart               Conj           0%         1d3       65%         1
 Pain                     Necr           0%         1d4       65%         1
 Wereblood                Tmut           0%         N/A       77%         2
 Call Imp                 Summ           0%         N/A       78%         2
 Sublimation of Blood     Necr           0%         N/A       78%         2
 Mephitic Cloud           Conj/Pois/Air  0%         N/A       94%         3
 Gell's Gravitas          Tloc           0%         N/A       95%         3
 Teleport Other           Tloc           0%         N/A       95%         3
 Vampiric Draining        Necr           0%         2d6       95%         3
 Hailstorm                Conj/Ice       0%         3d3       100%        4
 Ice Form                 Ice/Tmut       0%         N/A       100%        4
 Dispersal                Tloc           0%         N/A       100%        6
 Simulacrum               Ice/Necr       0%         N/A       100%        6
 Summon Hydra             Summ           0%         N/A       100%        7


Dungeon Overview and Level Annotations

Branches:
Dungeon (12/15)            Temple (1/1) D:6            Lair (0/6) D:9
    Orc (1/2) D:11

Altars:
Ashenzari
Cheibriados
Dithmenos
Elyvilon
Fedhas
Gozag
Hepliaklqana
Kikubaaqudgha
Makhleb
Nemelex Xobeh
Okawaru
Qazlal
Ru
Sif Muna
Trog
Uskayaw
Vehumet
Wu Jian
Xom
Yredelemnul
Zin
The Shining One

Shops:
D:6 [

Annotations:
D:6 exclusion: statue


Innate Abilities, Weirdness & Mutations

You cannot be hasted, slowed, berserked, paralysed or teleported.
You can dig through walls and to a lower floor.
You have a pair of large antennae on your head. (SInv)
Your four strong arms can wield two-handed weapons with a shield.


Message History

Aiming: Paralyse
Press: ? - help, Shift-Dir - straight line, f/p - eight-headed hydra
Aim: an eight-headed hydra (severely wounded, covered in acid, chance to affect: 15%)
Okay, then.
Aiming: Iceblast
Press: ? - help, Shift-Dir - straight line, p - eight-headed hydra The mass of ice explodes!
The iceblast engulfs the eight-headed hydra!
The eight-headed hydra is severely wounded.
The eight-headed hydra bites you but does no damage. x2
You block the eight-headed hydra's attack.
The eight-headed hydra bites you but does no damage.
You block the eight-headed hydra's attack.
The eight-headed hydra bites you but does no damage.
The eight-headed hydra completely misses you.
The eight-headed hydra bites you but does no damage.
You stomp with the beat, sending a shockwave through the revellers around you!
The eight-headed hydra is almost dead.
You can no longer stomp with the beat.
You block the eight-headed hydra's attack.
The eight-headed hydra bites you but does no damage.
The eight-headed hydra barely misses you.
The eight-headed hydra bites you but does no damage.
The eight-headed hydra barely misses you.
The eight-headed hydra bites you.
* * * LOW HITPOINT WARNING * * *
The eight-headed hydra bites you.
* * * LOW HITPOINT WARNING * * *
The eight-headed hydra bites you.
* * * LOW HITPOINT WARNING * * *
You can now stomp with the beat.
You stomp with the beat, sending a shockwave through the revellers around you!
The eight-headed hydra is almost dead.
You can no longer stomp with the beat.
The eight-headed hydra bites you but does no damage.
The eight-headed hydra completely misses you.
The eight-headed hydra bites you.
* * * LOW HITPOINT WARNING * * *
The eight-headed hydra bites you!
You die...

,,,,,,,,,,,***,,*,****.....,* *
,,*,*,*,,......##### *#....§#####
*,*****,,..........###.#,,#§§§§§.
*,*******..........>...#,*##§§§§.
*,,*,* **...............,,*##§###
*,,,,***,...............,***...,*
*,,,,,,,,.!.............,,**#.#,,
,,,,,,,,,..............#*** ###,,
,,,,,,,,,....T..@D(.....,******,,
*,,,,,,,,......#..##.#..,,,,,**,,
,,,,,,,,,.....,##..#*,,,,,*,,,,,,
*,,,^,,,,?...,,**.##,*****,*,,,,,
*,,,,,,,,...,,,,,..,**{©,**,,,,,,
,,,,,,,,,.(,,,,,,#.#*,***,**,*,,,
*,,,,,,,,.,,,,,,,,##≈,,,,,,**,,,,
,,,,,,,,,,,**,,,,*#8≈,,≈,≈,8**,,,
,,,,*,,******,,,**,≈*,***,*,≈**,,


You could see an eight-headed hydra (corroded) and a troll.

Vanquished Creatures
  Snorg (D:11)
  Erolcha (D:9)
  Harold (D:11)
  5 two-headed ogres
  Erica (D:11)
  2 manticores (D:11)
  A gargoyle (D:11)
  3 komodo dragons (D:9)
  2 trolls (D:11)
  2 hornets (D:9)
  A shadow (D:10)
  Sigmund (D:2)
  4 wyverns
  16 yaks
  2 wraiths
  3 steam dragons
  2 acid dragons
  2 water moccasins
  11 orc warriors
  3 black bears (D:6)
  4 ogres
  8 centaurs
  3 kobold brigands (D:11)
  2 gnoll sergeants (D:11)
  A bullfrog (D:7)
  2 scorpions (D:4)
  6 killer bees (D:10)
  5 wights
  4 hounds
  2 orc priests (D:7)
  A centaur skeleton (D:7)
  A gnoll shaman (D:6)
  3 centaur zombies
  2 jellies (D:4)
  3 iguanas
  6 orc wizards
  A hound zombie (D:5)
  A hound skeleton (D:4)
  Robin (D:2)
  2 howler monkey zombies
  12 gnolls
  11 adders
  A white imp (D:6)
  3 ufetubi
  3 worms (D:2)
  6 dart slugs
  18 orcs
  2 ball pythons
  10 endoplasms
  2 giant cockroaches
  14 goblins
  9 hobgoblins
  11 jackals
  A quokka (D:5)
  5 bats
  5 frilled lizards
  6 kobolds
  5 rats
246 creatures vanquished.

Vanquished Creatures (collateral kills)
  A killer bee zombie (D:9)
1 creature vanquished.

Vanquished Creatures (others)
  2 fungi (D:2)
  7 plants
9 creatures vanquished.

Grand Total: 256 creatures vanquished

Notes
Turn   | Place    | Note
-------+----------+-------------------------------------------
     0 | D:1      | kipponium the Formicid Fighter began the quest for the Orb.
     0 | D:1      | Reached XP level 1. HP: 18/18 MP: 1/1
    60 | D:1      | Reached XP level 2. HP: 11/24 MP: 2/2
   333 | D:1      | Reached XP level 3. HP: 29/29 MP: 3/3
   496 | D:1      | Reached skill level 1 in Maces & Flails
  1105 | D:2      | Reached skill level 2 in Maces & Flails
  1105 | D:2      | Reached XP level 4. HP: 35/35 MP: 4/4
  1163 | D:2      | Noticed Sigmund
  1341 | D:2      | Found a faded altar of an unknown god.
  1639 | D:3      | Reached skill level 3 in Maces & Flails
  1708 | D:3      | Reached XP level 5. HP: 33/41 MP: 5/5
  2116 | D:2      | Reached skill level 4 in Maces & Flails
  2269 | D:2      | Noticed Robin
  2288 | D:2      | Killed Robin
  2502 | D:2      | Killed Sigmund
  2503 | D:2      | Reached skill level 5 in Maces & Flails
  2503 | D:2      | Reached XP level 6. HP: 45/47 MP: 6/6
  2710 | D:3      | Reached XP level 7. HP: 50/52 MP: 7/7
  2842 | D:3      | Reached skill level 6 in Maces & Flails
  3121 | D:4      | Identified the +2 robe of the Maze {Dex+6}
  3614 | D:4      | Reached skill level 7 in Maces & Flails
  3870 | D:4      | Found an ancient bone altar of Kikubaaqudgha.
  3929 | D:4      | Reached XP level 8. HP: 34/58 MP: 8/8
  4295 | D:4      | Found a stormy altar of Qazlal.
  4359 | D:5      | Entered Level 5 of the Dungeon
  4433 | D:5      | Reached skill level 8 in Maces & Flails
  4826 | D:5      | Noticed a yak
  4860 | D:5      | Noticed a yak
  4861 | D:5      | Noticed a yak
  4861 | D:5      | Noticed a yak
  4861 | D:5      | Noticed a yak
  4888 | D:5      | Killed a yak
  4889 | D:5      | Reached skill level 9 in Maces & Flails
  4896 | D:5      | Killed a yak
  4904 | D:5      | Killed a yak
  4905 | D:5      | Reached skill level 10 in Maces & Flails
  4905 | D:5      | Reached XP level 9. HP: 32/64 MP: 9/9
  4912 | D:5      | Reached skill level 11 in Maces & Flails
  5579 | D:6      | Found a radiant altar of Vehumet.
  5702 | D:6      | Found Ceosoowa's Armour Shoppe.
  5716 | D:6      | Bought a +0 cloak of willpower for 115 gold pieces
  5811 | D:6      | Found a glowing silver altar of Zin.
  5812 | D:6      | Found an opulent altar of Gozag.
  5851 | D:6      | Found a staircase to the Ecumenical Temple.
  5866 | Temple   | Entered the Ecumenical Temple
  5879 | Temple   | Became a worshipper of Uskayaw the Reveller
  5945 | D:6      | Found an iron altar of Okawaru.
  6017 | D:6      | Reached * piety under Uskayaw
  6070 | D:6      | Reached ** piety under Uskayaw
  6307 | D:7      | Reached skill level 1 in Invocations
  6382 | D:7      | Reached *** piety under Uskayaw
  7155 | D:7      | Found an ornate altar of the Wu Jian Council.
  7275 | D:7      | Reached XP level 10. HP: 71/71 MP: 11/11
  7927 | D:8      | Reached skill level 5 in Armour
  7939 | D:7      | Reached skill level 5 in Fighting
  7943 | D:7      | Reached **** piety under Uskayaw
  7947 | D:7      | Reached ***** piety under Uskayaw
  8331 | D:8      | Reached skill level 5 in Invocations
  9070 | D:8      | Found a shimmering blue altar of Sif Muna.
  9188 | D:9      | Noticed a two-headed ogre
  9204 | D:9      | Killed a two-headed ogre
  9205 | D:9      | Reached skill level 5 in Shields
  9552 | D:9      | Reached XP level 11. HP: 67/83 MP: 15/15
  9694 | D:9      | Noticed Erolcha
  9739 | D:9      | Reached skill level 12 in Maces & Flails
  9937 | D:9      | Found a hazy altar of Hepliaklqana.
  9994 | D:9      | Noticed a two-headed ogre
 10022 | D:9      | Killed a two-headed ogre
 10115 | D:9      | Noticed a two-headed ogre
 10149 | D:9      | Killed a two-headed ogre
 10150 | D:9      | Killed Erolcha
 10743 | D:9      | Found a staircase to the Lair.
 10888 | D:10     | Entered Level 10 of the Dungeon
 10935 | D:10     | Noticed a two-headed ogre
 10942 | D:10     | Killed a two-headed ogre
 11109 | D:10     | Found a sacrificial altar of Ru.
 11370 | D:10     | Reached XP level 12. HP: 92/92 MP: 17/17
 11493 | D:10     | Found a sparkling altar of Nemelex Xobeh.
 11494 | D:10     | Found a shadowy altar of Dithmenos.
 11606 | D:11     | Noticed Erica
 11619 | D:11     | Killed Erica
 11791 | D:11     | Noticed a two-headed ogre
 11804 | D:11     | Killed a two-headed ogre
 11805 | D:11     | Reached skill level 13 in Maces & Flails
 11876 | D:11     | Found a staircase to the Orcish Mines.
 12200 | D:11     | Noticed Harold
 12210 | D:11     | Killed Harold
 12240 | D:11     | Noticed Snorg
 12263 | D:11     | Killed Snorg
 12545 | Orc:1    | Entered Level 1 of the Orcish Mines
 12799 | D:11     | Found a glowing silver altar of Zin.
 12911 | D:12     | Noticed an eight-headed hydra
 12920 | D:12     | HP: 4/95 [eight-headed hydra (11)]
 12924 | D:12     | Slain by an eight-headed hydra

Illustrated notes

Levels and vault maps discovered:
D:1:      minmay_arrival_pointy, layout_basic, serial_forest,
          infiniplex_forest_clump_medium, infiniplex_forest_clump_diagonal,
          infiniplex_forest_clump_C, infiniplex_forest_clump_long,
          infiniplex_forest_clump_tiny
D:2:      layout_rooms, dreamdust_ecumenical_altar_grove, uniq_sigmund,
          uniq_robin
D:3:      layout_rooms, minmay_misc_feat_plants
D:4:      layout_loops_ring, mainiacjoe_overflow_alcove_4,
          mainiacjoe_overflow_alcove_2, minmay_fractal_squares_diagonal_5
D:5:      layout_basic, serial_glass, glass_columns_a, glass_columns_b,
          kennysheep_potato
D:6:      layout_gridville, grunt_temple_overflow_gold_and_silver,
          vehumet_statue, mainiacjoe_overflow_brackets,
          minmay_temple_entry_grid, serial_shops, kennysheep_little_box
D:7:      layout_loops_cross, nicolae_wu_jian_glorious_leap
D:8:      layout_rooms, general_overflow_altar, chequers_serial_rivers_marsh
D:9:      layout_loops_ring, mainiacjoe_overflow_alcove_1, erik_lair_dragon,
          uniq_erolcha
D:10:     layout_roguey, mainiacjoe_overflow_divided_tiny,
          nicolae_ru_the_path_less_chosen
D:11:     layout_roguey, kennysheep_orc_monster_closet_entryway,
          zin_scriptorium, uniq_snorg, uniq_harold, uniq_erica
D:12:     layout_cave_pools, nzn_ghost_randoct, serial_ice, serial_ice_o,
          serial_ice_f, serial_ice_e, serial_ice_l,
          portal_ice_cave_entry_animals_and_master
Temple:   zaba_magenta_temple
Orc:1:    layout_caves, serial_shops, shop

Skill      XL: |  1  2  3  4  5  6  7  8  9 10 11 12 |
---------------+-------------------------------------+-----
Staves         | 3 |  3.0
Maces & Flails | 2 3 5 7 10 11 12 13 | 13.7
Invocations    | 2 5 7 8 |  8.9
Armour         | 4 7 8 9 |  9.5
Shields        | 4 5 6 |  6.9
Fighting       | 4 6 8 9 |  9.2
Throwing       | |  0.2
Transmutations | |  0.2
Fire Magic     | |  0.1
Air Magic      | |  0.1
Poison Magic   | |  0.4

Action                   |  1- 3 |  4- 6 |  7- 9 | 10-12 || total
-------------------------+-------+-------+-------+-------++-------
Melee: Quarterstaff      |    11 |       |       |       ||    11
       Whip              |    51 |   179 |   335 |   166 ||   731
       Flail             |       |       |       |   339 ||   339
Throw: Dart              |       |     6 |     6 |    36 ||    48
Invok: Stomp             |       |       |     1 |    33 ||    34
       Line Pass         |       |       |     1 |     2 ||     3
 Abil: Dig               |       |     1 |     5 |     4 ||    10
Evoke: Wand              |       |       |     1 |    17 ||    18
       Phial of floods   |       |       |       |     1 ||     1
  Use: Scroll            |       |       |     6 |     8 ||    14
       Potion            |       |       |     2 |     2 ||     4
 Stab: Paralysed         |       |       |     1 |    25 ||    26
Armor: Scale mail        |    11 |       |       |    36 ||    47
       Ring mail         |     7 |    48 |    77 |   113 ||   245
Dodge: Dodged            |    23 |    68 |   101 |   204 ||   396
Block: Buckler           |     6 |    31 |    53 |    95 ||   185

Table legend: (Time is in decaauts)
 A = Elapsed time spent in this place.
 B = Non-inter-level travel time spent in this place.
 C = Inter-level travel time spent in this place.
 D = Time resting spent in this place.
 E = Time spent auto-exploring this place.
 F = Levels seen in this place.
 G = Mean time per level.
                   A        B        C        D        E       F      G
               +--------+--------+--------+--------+--------+-----+--------+
         Total |  12641 |  12008 |    633 |   4116 |   4796 |  14 |  902.9 |
       Dungeon |  12579 |  11946 |    633 |   4116 |   4763 |  12 | 1048.2 |
        Temple |     58 |     58 |      0 |      0 |     33 |   1 |   58.0 |
  Orcish Mines |      3 |      3 |      0 |      0 |      0 |   1 |    3.0 |
               +--------+--------+--------+--------+--------+-----+--------+

Top non-repeatable levels by time:
     D:7: 1776 daAuts
     D:9: 1730 daAuts
     D:4: 1466 daAuts
    D:11: 1161 daAuts
     D:5: 1027 daAuts
     D:1: 1009 daAuts
     D:2: 960 daAuts
     D:6: 912 daAuts
     D:3: 878 daAuts
     D:8: 843 daAuts
    D:10: 793 daAuts
  Temple: 58 daAuts
    D:12: 19 daAuts
   Orc:1: 3 daAuts
